 Dungeon Crawl Stone Soup version 0.24.0-125-gc4c63601f3 (webtiles) character file.

Game seed: 10400125800730660587, levelgen mode: deterministic

7566 Johnny the Grappler (level 10, -4/159 HPs)
             Began as a Troll Berserker on Mar 1, 2020.
             Was the Champion of Trog.
             Slain by a white ugly thing (6 damage)
             ... on level 11 of the Dungeon.
             The game lasted 00:06:56 (6793 turns).

Johnny the Grappler (Troll Berserker)               Turns: 6793, Time: 00:06:57

Health: -4/159     AC: 10    Str: 35    XL:     10   Next: 97%
Magic:  18/18      EV: 13    Int:  3    God:    Trog [******]
Gold:   496        SH:  0    Dex:  9    Spells: 9/9 levels left

rFire    . . .     SeeInvis .     - Unarmed
rCold    . . .     Gourm    +   (no shield)
rNeg     + . .     Faith    .   y - +1 robe "Yhe Xaxi" {rN+ Regen+ MP+9}
rPois    .         Spirit   .   B - +2 hat
rElec    .         Reflect  .   F - +0 cloak
rCorr    .         Harm     .   (gloves unavailable)
MR       .....                  (boots unavailable)
Stlth    ..........             (no amulet)
HPRegen  1.16/turn              (no ring)
MPRegen  0.16/turn              (no ring)

@: berserking, very quick
A: large, unfitting armour, claws 3, fast metabolism 3, gourmand, regeneration
1, shaggy fur 1, tough skin 3
a: Berserk, Trog's Hand, Brothers in Arms, Renounce Religion


You were on level 11 of the Dungeon.
You worshipped Trog.
Trog was exalted by your worship.
You were full.

You visited 1 branch of the dungeon, and saw 11 of its levels.

You collected 574 gold pieces.
You spent 78 gold pieces at shops.

Inventory:

Missiles
 z - 4 throwing nets (quivered)
Armour
 y - the +1 robe "Yhe Xaxi" (worn) {rN+ Regen+ MP+9}
   (You found it on level 7 of the Dungeon)

   It protects you from negative energy.
   It affects your magic capacity (+9).
   It increases your rate of regeneration.
 B - a +2 hat (worn)
 F - a +0 cloak (worn)
Jewellery
 s - an uncursed ring of protection from magic {unknown}
 D - a +2 ring of intelligence {unknown}
Wands
 a - a wand of polymorph (23)
 k - a wand of iceblast (22)
 C - a wand of clouds (7)
Scrolls
 d - 4 scrolls of enchant weapon {unknown}
 f - 3 scrolls of remove curse
 g - 3 scrolls of immolation {unknown}
 i - 4 scrolls of fog {unknown}
 p - 2 scrolls of amnesia {unknown}
 r - 2 scrolls of fear {unknown}
 v - a scroll of acquirement {unknown}
 w - 8 scrolls of teleportation
 x - 4 scrolls of magic mapping {unknown}
 A - a scroll of enchant armour {unknown}
Potions
 c - 3 potions of might
 e - a potion of invisibility
 h - 4 potions of curing
 l - 2 potions of cancellation
 m - 2 potions of agility
 n - 3 potions of flight
 o - a potion of lignification {unknown}
 q - a potion of brilliance {unknown}
 t - a potion of ambrosia {unknown}
 u - a potion of degeneration {unknown}
 E - 2 potions of haste
Comestibles
 b - 28 rations


   Skills:
 + Level 8.7 Fighting
 + Level 8.6 Dodging
 + Level 10.2 Unarmed Combat


You had 9 spell levels left.
You didn't know any spells.
Your spell library contained the following spells:

 Spells                   Type           Power        Failure   Level  Hunger
 Animate Skeleton         Necr           N/A          52%         1    ##.....
 Apportation              Tloc           #.....       52%         1    ##.....
 Confusing Touch          Hex            #.....       52%         1    ##.....
 Flame Tongue             Conj/Fire      #....        52%         1    ##.....
 Summon Small Mammal      Summ           #...         52%         1    ##.....
 Throw Flame              Conj/Fire      #.....       67%         2    ###....
 Conjure Flame            Conj/Fire      #.......     88%         3    ####...
 Inner Flame              Hex/Fire       #.......     88%         3    ####...
 Sticky Flame             Conj/Fire      #.......     99%         4    #####..
 Fireball                 Conj/Fire      #.........   100%        5    ######.


Dungeon Overview and Level Annotations

Branches:
Dungeon (11/15)            Temple (0/1) D:4            Lair (0/6) D:10
    Orc: D:9-12

Altars:
Yredelemnul

Shops:
D:7 (   D:9 *

Portals:
Trove: D:10 (give 13 potions of heal wounds)


Innate Abilities, Weirdness & Mutations

You are too large for most types of armour.
You have claws for hands.
Your metabolism is lightning-fast.
You like to eat raw meat.
Your natural rate of healing is unusually fast.
You are covered in fur. (AC +1)
You have extremely tough skin. (AC +3)


Message History

You are too injured to fight recklessly!
You are too injured to fight recklessly!
You are too injured to fight recklessly!
You are too injured to fight recklessly!
A red film seems to cover your vision as you go berserk!
You feel yourself moving faster!
You feel mighty! The white ugly thing trunk-slaps you!
The white ugly thing freezes you!!
* * * LOW HITPOINT WARNING * * *
You barely miss the white ugly thing.
The white ugly thing is lightly wounded.
The white ugly thing trunk-slaps you!
* * * LOW HITPOINT WARNING * * *
The white ugly thing freezes you!!
* * * LOW HITPOINT WARNING * * *
You claw the white ugly thing!
The white ugly thing is moderately wounded.
You claw the white ugly thing!
The white ugly thing is heavily wounded.
The white ugly thing trunk-slaps you.
You die...

#.### #...#
#####.###
#.......#
#...<...###
#...........#
#.#.......#.# #
#.......#.##
#.......#.@#
#.......##.u..#
#.......#####.....
#####.### ##(. #.


You could see a white ugly thing.

Vanquished Creatures
  Harold (D:7)
  A two-headed ogre (D:10)
  A gargoyle (D:10)
  Prince Ribbit (D:9)
  3 hippogriffs
  4 yaks (D:9)
  A spriggan (D:7)
  4 orc warriors
  A phantom (D:4)
  5 sky beasts
  A necrophage (D:6)
  6 ogres
  A crocodile (D:8)
  A centaur (D:7)
  A big kobold (D:9)
  5 bullfrogs
  7 scorpions
  2 wyvern skeletons
  5 killer bees (D:7)
  A howler monkey (D:4)
  4 wights (D:10)
  6 crimson imps
  2 quasits
  A bullfrog skeleton (D:10)
  4 orc priests
  6 hounds
  2 jellies
  3 iguanas
  5 orc wizards
  Ijyb (D:4)
  9 worker ants
  3 hound zombies
  2 hound skeletons
  A howler monkey zombie (D:10)
  4 gnolls (D:4)
  11 adders
  3 oozes
  An adder skeleton (D:9)
  An adder zombie (D:6)
  5 worms
  3 dart slugs
  6 leopard geckos
  49 orcs
  8 giant cockroaches
  8 goblins
  12 hobgoblins
  27 jackals
  22 bats
  6 frilled lizards
  A jackal zombie (D:5)
  8 kobolds
  4 rats
  A fungus (D:7)
281 creatures vanquished.

Vanquished Creatures (others)
  A fungus (D:7)
1 creature vanquished.

Grand Total: 282 creatures vanquished

Notes
Turn   | Place    | Note
-------+----------+-------------------------------------------
     0 | D:1      | Johnny the Troll Berserker began the quest for the Orb.
     0 | D:1      | Reached XP level 1. HP: 22/22 MP: 0/0
    88 | D:1      | Reached XP level 2. HP: 28/29 MP: 1/1
   183 | D:1      | Reached XP level 3. HP: 36/36 MP: 2/2
   184 | D:1      | Reached ** piety under Trog
   779 | D:2      | Reached XP level 4. HP: 35/45 MP: 3/3
   871 | D:2      | Reached skill level 4 in Unarmed Combat
   900 | D:2      | Reached *** piety under Trog
  1253 | D:3      | Reached XP level 5. HP: 48/53 MP: 4/4
  1605 | D:3      | Reached **** piety under Trog
  1756 | D:4      | Reached XP level 6. HP: 58/62 MP: 5/5
  2029 | D:4      | Reached skill level 5 in Unarmed Combat
  2049 | D:4      | Reached XP level 7. HP: 53/71 MP: 6/6
  2114 | D:4      | Noticed Ijyb
  2119 | D:4      | Killed Ijyb
  2149 | D:4      | Found a staircase to the Ecumenical Temple.
  2332 | D:5      | Entered Level 5 of the Dungeon
  3035 | D:6      | Reached skill level 5 in Fighting
  3035 | D:6      | Reached skill level 5 in Dodging
  3035 | D:6      | Reached skill level 6 in Unarmed Combat
  3073 | D:6      | Reached XP level 8. HP: 56/80 MP: 7/7
  3609 | D:7      | Noticed Harold
  3621 | D:7      | Killed Harold
  3621 | D:7      | Reached skill level 7 in Unarmed Combat
  3621 | D:7      | Reached XP level 9. HP: 84/91 MP: 8/8
  3623 | D:7      | Reached ***** piety under Trog
  3731 | D:7      | Got a distressingly furry robe
  3742 | D:7      | Identified the +1 robe "Yhe Xaxi" {rN+ Regen+ MP+9} (You
                  | found it on level 7 of the Dungeon)
  3839 | D:7      | Reached skill level 8 in Unarmed Combat
  3917 | D:7      | Found Teval's Weapon Shoppe.
  4655 | D:8      | Reached XP level 10. HP: 102/102 MP: 9/9
  4664 | D:8      | Reached skill level 9 in Unarmed Combat
  4678 | D:8      | Received a gift from Trog
  4822 | D:8      | Found a basalt altar of Yredelemnul.
  5553 | D:9      | Found Opty's General Store.
  5561 | D:9      | Bought a scroll of remove curse for 39 gold pieces
  5561 | D:9      | Bought a scroll of teleportation for 39 gold pieces
  5703 | D:9      | Noticed Prince Ribbit
  5717 | D:9      | Killed Prince Ribbit
  5852 | D:9      | Received a gift from Trog
  6248 | D:10     | Entered Level 10 of the Dungeon
  6338 | D:10     | Noticed a gargoyle
  6345 | D:10     | Killed a gargoyle
  6345 | D:10     | Reached skill level 10 in Unarmed Combat
  6453 | D:10     | Found a portal to a secret trove of treasure.
  6542 | D:10     | Reached ****** piety under Trog
  6579 | D:10     | Noticed a two-headed ogre
  6580 | D:10     | Found a staircase to the Lair.
  6588 | D:10     | Killed a two-headed ogre
  6785 | D:11     | Noticed a white ugly thing
  6791 | D:11     | HP: 1/159 [white ugly thing (34)]
  6793 | D:11     | Slain by a white ugly thing

Levels and vault maps discovered:
D:1:      dpeg_arrival_tiny_h, layout_basic, minmay_vboxes
D:2:      layout_basic
D:3:      layout_basic
D:4:      layout_loops_ring, minmay_temple_entry_trees, first_ration,
          chequers_serial_rivers_micro_a, uniq_ijyb
D:5:      layout_basic
D:6:      layout_rooms, nicolae_water_bricks
D:7:      old_forge, layout_basic, serial_shops, shop_fountains, the_bakery,
          chequers_serial_rivers_marsh, uniq_harold
D:8:      layout_basic, old_standard_altar, special_room [special_room_orc],
          hex_tiny
D:9:      layout_stronghold, serial_shops, shop, uniq_prince_ribbit1
D:10:     layout_rooms, lair_entry_dummy, enter_trove_0,
          minmay_misc_feat_columns
D:11:     layout_roguey, erik_orc_1

Skill      XL: |  1  2  3  4  5  6  7  8  9 10 |
---------------+-------------------------------+-----
Fighting       | 3 4 5 6 7 8 |  8.7
Dodging        | 3 4 5 6 7 8 |  8.6
Unarmed Combat | 4 5 6 7 8 10 | 10.2

Action                   |  1- 3 |  4- 6 |  7- 9 | 10-12 || total
-------------------------+-------+-------+-------+-------++-------
Melee: Unarmed           |   119 |   145 |   297 |   223 ||   784
       Punch             |       |     2 |     5 |    13 ||    20
Invok: Berserk           |       |       |     2 |     3 ||     5
       Trog's Hand       |       |       |     1 |       ||     1
  Use: Scroll            |       |       |       |     6 ||     6
 Stab: Sleeping          |       |       |       |     1 ||     1
  Eat: Chunk             |    12 |    12 |    25 |    21 ||    70
Armor: Animal skin       |    72 |    45 |    72 |       ||   189
       Robe              |       |       |    63 |    55 ||   118
Dodge: Dodged            |    77 |    76 |   214 |   128 ||   495
